TOP OF THE 1ST |
University of Michigan Wolverines batting - Pitching for Wichita State University Shockers : RHP Elias Aguilar
|
Pitching: RHP Elias Aguilar
|
|
Batting: LHB Javier Cajina
|
0-0: Ball 1-0: Foul Ball, location: 2F 1-1: Foul Ball, location: 2F 1-2: Strikes out swinging
|
Batting: LHB Takao Ogura
|
0-0: Ball 1-0: Ball 2-0: Ball 3-0: Base on Balls
|
Batting: SHB J.D. Newman
|
0-0: Ball 1-0: Ball 2-0: Ball 3-0: Called Strike 3-1: Ground out 4-3 (Groundball, 34D, EV 103.1 MPH) Takao Ogura to second
|
Batting: LHB Dakota Kaempf
|
0-0: Swinging Strike 0-1: Ball 1-1: Ball 2-1: Ball 3-1: DOUBLE (Line Drive, 9LM, EV 109.4 MPH) Takao Ogura scores
|
Batting: SHB Fernando Fundora
|
0-0: Foul Ball, location: 2F 0-1: Ball 1-1: Foul Ball, location: 2F 1-2: Strikes out swinging
|
Top of the 1st over - 1 run, 1 hit, 0 errors, 1 left on base; University of Michigan 1 - Wichita State University 0 |
BOTTOM OF THE 1ST |
Wichita State University Shockers batting - Pitching for University of Michigan Wolverines : RHP Danny Arroyo
|
Pitching: RHP Danny Arroyo
|
|
Batting: RHB Kyle Gill
|
0-0: Called Strike 0-1: Ball 1-1: Called Strike 1-2: Foul Ball, location: 2F 1-2: Fly out, F9 (Line Drive, 89M, EV 103.8 MPH)
|
Batting: RHB Lucio Baratta
|
0-0: Ball 1-0: Foul Ball, location: 2F 1-1: Ball 2-1: DOUBLE (Flyball, 8LXD, EV 90.0 MPH)
|
Batting: LHB Carlos Flores
|
0-0: Called Strike 0-1: Ball 1-1: Called Strike 1-2: Strikes out looking
|
Batting: RHB Byron Whitehead
|
0-0: Called Strike 0-1: Called Strike 0-2: SINGLE (Flyball, 8RS, EV 89.4 MPH) Lucio Baratta to third Runner from 3rd tries for Home, SAFE, throw by CF to home
|
Batting: RHB Marvin Coffey
|
0-0: Ball 1-0: Called Strike 1-1: Ball 2-1: Ball 3-1: Fly out, F7 (Flyball, 78D, EV 100.0 MPH)
|
Bottom of the 1st over - 1 run, 2 hits, 0 errors, 1 left on base; University of Michigan 1 - Wichita State University 1 |
TOP OF THE 2ND |
University of Michigan Wolverines batting - Pitching for Wichita State University Shockers : RHP Elias Aguilar
|
Batting: LHB Carlos Guajardo
|
0-0: Ball 1-0: Foul Ball, location: 2F 1-1: Foul Ball, location: 2F 1-2: Strikes out swinging
|
Batting: RHB Jeremy Marin
|
0-0: Ball 1-0: Ball 2-0: Called Strike 2-1: Ball 3-1: Base on Balls
|
Batting: RHB Michael Patterson
|
0-0: DOUBLE (Line Drive, 8RXD, EV 102.5 MPH) Jeremy Marin to third Runner from 3rd tries for Home, SAFE, no throw by CF
|
Batting: RHB Shiki Nomoto
|
0-0: Ball 1-0: Called Strike 1-1: Fly out, F8 (Flyball, 8LM, EV 92.5 MPH)
|
Batting: LHB Javier Cajina
|
0-0: Called Strike 0-1: Ball 1-1: Ground out 3-1 (Groundball, 34S, EV 90.6 MPH)
|
Top of the 2nd over - 1 run, 1 hit, 0 errors, 1 left on base; University of Michigan 2 - Wichita State University 1 |
BOTTOM OF THE 2ND |
Wichita State University Shockers batting - Pitching for University of Michigan Wolverines : RHP Danny Arroyo
|
Batting: LHB Kyle Lee
|
0-0: Ball 1-0: Foul Ball, location: 2F 1-1: Foul Ball, location: 2F 1-2: Ball 2-2: Fly out, F8 (Line Drive, 8LD, EV 93.1 MPH)
|
Batting: RHB Jeff Grant
|
0-0: Ball 1-0: Ball 2-0: Ground out 6-3 (Groundball, 56D, EV 89.4 MPH)
|
Batting: SHB Mike Chafe
|
0-0: Foul Ball, location: 2F 0-1: Fly out, F8 (Line Drive, 8RD, EV 100.0 MPH)
|
Bottom of the 2nd over - 0 runs, 0 hits, 0 errors, 0 left on base; University of Michigan 2 - Wichita State University 1 |
TOP OF THE 3RD |
University of Michigan Wolverines batting - Pitching for Wichita State University Shockers : RHP Elias Aguilar
|
Batting: LHB Takao Ogura
|
0-0: Ball 1-0: Ball 2-0: Ball 3-0: Base on Balls
|
Batting: SHB J.D. Newman
|
0-0: Ball Wild Pitch! Takao Ogura to second 1-0: Ball 2-0: Called Strike 2-1: Ball 3-1: Foul Ball, location: 2F 3-2: Fly out, F7 (Line Drive, 7, EV 92.5 MPH)
|
Batting: LHB Dakota Kaempf
|
0-0: Ball 1-0: Called Strike 1-1: Swinging Strike 1-2: Foul Ball, location: 2F 1-2: Strikes out swinging
|
Batting: SHB Fernando Fundora
|
0-0: Called Strike 0-1: Ball 1-1: Ball 2-1: Called Strike 2-2: Foul Ball, location: 2F 2-2: Foul Ball, location: 2F 2-2: Strikes out swinging
|
Top of the 3rd over - 0 runs, 0 hits, 0 errors, 1 left on base; University of Michigan 2 - Wichita State University 1 |
BOTTOM OF THE 3RD |
Wichita State University Shockers batting - Pitching for University of Michigan Wolverines : RHP Danny Arroyo
|
Batting: SHB Peter Faggard
|
0-0: Called Strike 0-1: Called Strike 0-2: Ball 1-2: Foul Ball, location: 2F 1-2: Ball 2-2: Strikes out looking
|
Batting: RHB Kyle Gill
|
0-0: Called Strike 0-1: Ground out 6-3 (Groundball, 6, EV 88.1 MPH)
|
Batting: RHB Lucio Baratta
|
0-0: Ball 1-0: Foul Ball, location: 2F 1-1: Ball 2-1: Ball 3-1: Swinging Strike 3-2: Strikes out looking
|
Bottom of the 3rd over - 0 runs, 0 hits, 0 errors, 0 left on base; University of Michigan 2 - Wichita State University 1 |
TOP OF THE 4TH |
University of Michigan Wolverines batting - Pitching for Wichita State University Shockers : RHP Elias Aguilar
|
Batting: LHB Carlos Guajardo
|
0-0: Ball 1-0: Ball 2-0: Ball 3-0: Base on Balls
|
Batting: RHB Jeremy Marin
|
0-0: Called Strike 0-1: Ball 1-1: Swinging Strike 1-2: SINGLE (Groundball, 56S, EV 73.8 MPH) (infield hit) Carlos Guajardo to second
|
Batting: RHB Michael Patterson
|
0-0: Fielders Choice at 2nd, 3-6 (Groundball, 3S, EV 84.4 MPH) Carlos Guajardo to third
|
Batting: RHB Shiki Nomoto
|
0-0: 3-RUN HOME RUN (Line Drive, 7D, EV 106.2 MPH), Distance : 413 ft
|
Batting: LHB Javier Cajina
|
0-0: Ball 1-0: Foul Ball, location: 2F 1-1: SINGLE (Line Drive, 7S, EV 85.0 MPH)
|
Pitching: RHP Ryan Chase
|
|
Batting: LHB Takao Ogura
|
0-0: Called Strike Javier Cajina steals 2nd base 0-1: Ball 1-1: Ball 2-1: Swinging Strike 2-2: Strikes out looking
|
Pinch Hitting: RHB Shi-xian Da
|
0-0: Fly out, F9 (Line Drive, 89M, EV 89.4 MPH)
|
Top of the 4th over - 3 runs, 3 hits, 0 errors, 1 left on base; University of Michigan 5 - Wichita State University 1 |
BOTTOM OF THE 4TH |
Wichita State University Shockers batting - Pitching for University of Michigan Wolverines : RHP Danny Arroyo
|
Pitching: RHP Tony Lupercio
|
|
Now in RF: Raul Herrera
|
|
Batting: LHB Carlos Flores
|
0-0: Called Strike 0-1: Ball 1-1: Swinging Strike 1-2: Strikes out swinging
|
Batting: RHB Byron Whitehead
|
0-0: Called Strike 0-1: Ball 1-1: Ball 2-1: Ball 3-1: Foul Ball, location: 2F 3-2: Base on Balls
|
Batting: RHB Marvin Coffey
|
0-0: Called Strike 0-1: Grounds into double play, 5-4-3 (Groundball, 5, EV 77.5 MPH)
|
Bottom of the 4th over - 0 runs, 0 hits, 0 errors, 0 left on base; University of Michigan 5 - Wichita State University 1 |
TOP OF THE 5TH |
University of Michigan Wolverines batting - Pitching for Wichita State University Shockers : RHP Ryan Chase
|
Pitching: LHP Éric Duval
|
|
Batting: LHB Dakota Kaempf
|
0-0: Called Strike 0-1: Ball 1-1: Ball 2-1: Ball 3-1: Fly out, F8 (Line Drive, 8LM, EV 93.1 MPH)
|
Pinch Hitting: RHB Rob Marti
|
0-0: SINGLE (Line Drive, 8LS, EV 99.4 MPH)
|
Batting: LHB Carlos Guajardo
|
0-0: Ball 1-0: Fielders Choice at 2nd, 4-6 (Groundball, 4, EV 101.9 MPH)
|
Pinch Hitting: RHB Alex Nagera
|
0-0: Called Strike 0-1: Called Strike 0-2: Ball 1-2: Foul Ball, location: 2F 1-2: Ball 2-2: Ball 3-2: Strikes out swinging
|
Top of the 5th over - 0 runs, 1 hit, 0 errors, 1 left on base; University of Michigan 5 - Wichita State University 1 |
BOTTOM OF THE 5TH |
Wichita State University Shockers batting - Pitching for University of Michigan Wolverines : RHP Tony Lupercio
|
Pitching: RHP Pablo Mejia
|
|
Now at C: Manuel Martinez
|
|
Now at 3B: Alex Nagera
|
|
Now at SS: Yoshihisa Kobayashi
|
|
Now in LF: Rob Marti
|
|
Batting: LHB Kyle Lee
|
0-0: Ball 1-0: Ground out 1-3 (Groundball, P, EV 62.5 MPH)
|
Batting: RHB Jeff Grant
|
0-0: Called Strike 0-1: Foul Ball, location: 2F 0-2: Ball 1-2: Ball 2-2: SINGLE (Groundball, 56D, EV 108.8 MPH)
|
Batting: SHB Mike Chafe
|
0-0: Ball 1-0: Grounds into double play, 4-6-3 (Groundball, 4D, EV 83.1 MPH)
|
Bottom of the 5th over - 0 runs, 1 hit, 0 errors, 0 left on base; University of Michigan 5 - Wichita State University 1 |
TOP OF THE 6TH |
University of Michigan Wolverines batting - Pitching for Wichita State University Shockers : LHP Éric Duval
|
Pitching: LHP Blake Gans
|
|
Now at 3B: Troy Davies
|
|
Batting: LHB Yoshihisa Kobayashi
|
0-0: Ball 1-0: Ground out 4-3 (Groundball, 4, EV 101.2 MPH)
|
Pinch Hitting: RHB Ben Follett
|
0-0: Ball 1-0: Ball 2-0: Fly out, F9 (Flyball, 89D, EV 103.8 MPH)
|
Batting: LHB Javier Cajina
|
0-0: Ball 1-0: Ball 2-0: Called Strike 2-1: Swinging Strike 2-2: Ball 3-2: Foul Ball, location: 2F 3-2: Foul Ball, location: 2F 3-2: Base on Balls
|
Batting: RHB Carlton McDonald
|
0-0: Called Strike 0-1: Ball 1-1: Foul Ball, location: 2F 1-2: Fly out, F9 (Flyball, 9LS, EV 95.0 MPH)
|
Top of the 6th over - 0 runs, 0 hits, 0 errors, 1 left on base; University of Michigan 5 - Wichita State University 1 |
BOTTOM OF THE 6TH |
Wichita State University Shockers batting - Pitching for University of Michigan Wolverines : RHP Pablo Mejia
|
Pitching: LHP Dan Mclaren
|
|
Now at 2B: Mitsuhiro Kobayashi
|
|
Batting: SHB Peter Faggard
|
0-0: Ball 1-0: Called Strike 1-1: Swinging Strike 1-2: Foul Ball, location: 2F 1-2: Ground out 3-1 (Groundball, 34S, EV 81.2 MPH)
|
Batting: RHB Kyle Gill
|
0-0: Ball 1-0: Swinging Strike 1-1: Called Strike 1-2: Ball 2-2: Ground out U3 (Groundball, 34S, EV 90.6 MPH)
|
Batting: RHB Rick McGrath
|
0-0: Ball 1-0: Called Strike 1-1: Foul Ball, location: 2F 1-2: Strikes out swinging
|
Bottom of the 6th over - 0 runs, 0 hits, 0 errors, 0 left on base; University of Michigan 5 - Wichita State University 1 |
TOP OF THE 7TH |
University of Michigan Wolverines batting - Pitching for Wichita State University Shockers : LHP Blake Gans
|
Pitching: LHP Greg Burton
|
|
Batting: SHB Raul Herrera
|
0-0: Ground out 4-3 (Groundball, 4M, EV 93.1 MPH)
|
Batting: SHB Manuel Martinez
|
0-0: Ball 1-0: Ball 2-0: Called Strike 2-1: Ball 3-1: Base on Balls
|
Batting: RHB Rob Marti
|
0-0: Ball 1-0: Ball 2-0: Ball 3-0: Base on Balls Manuel Martinez to second
|
Batting: LHB Carlos Guajardo
|
0-0: Called Strike 0-1: Ball 1-1: SINGLE (Groundball, 5L, EV 101.9 MPH) (infield hit) Manuel Martinez to third Rob Marti to second
|
Batting: RHB Alex Nagera
|
0-0: Ball 1-0: Swinging Strike 1-1: Ball 2-1: Foul Ball, location: 2F 2-2: Foul Ball, location: 2F 2-2: Strikes out swinging
|
Pitching: LHP Alex Brown
|
|
Batting: LHB Yoshihisa Kobayashi
|
0-0: Ball 1-0: Ground out 4-3 (Groundball, 34, EV 87.5 MPH)
|
Top of the 7th over - 0 runs, 1 hit, 0 errors, 3 left on base; University of Michigan 5 - Wichita State University 1 |
BOTTOM OF THE 7TH |
Wichita State University Shockers batting - Pitching for University of Michigan Wolverines : LHP Dan Mclaren
|
Pitching: RHP Johnny Lucero
|
|
Batting: LHB Carlos Flores
|
0-0: Ball 1-0: Ball 2-0: Foul Ball, location: 2F 2-1: Ball 3-1: Base on Balls
|
Batting: RHB Byron Whitehead
|
0-0: Ball 1-0: Called Strike 1-1: Foul Ball, location: 2F 1-2: Fly out, F7 (Flyball, 7LS, EV 91.2 MPH)
|
Batting: RHB Marvin Coffey
|
0-0: Called Strike 0-1: Ball 1-1: Foul Ball, location: 2F 1-2: Foul Ball, location: 2F 1-2: Ball 2-2: Ball 3-2: Strikes out looking
|
Pinch Hitting: RHB Alex Zeledon
|
0-0: Ground out 6-3 (Groundball, 6S, EV 63.1 MPH)
|
Bottom of the 7th over - 0 runs, 0 hits, 0 errors, 1 left on base; University of Michigan 5 - Wichita State University 1 |
TOP OF THE 8TH |
University of Michigan Wolverines batting - Pitching for Wichita State University Shockers : LHP Alex Brown
|
Pitching: LHP John Schroeder
|
|
Now at 2B: Alex Zeledon
|
|
Batting: RHB Mitsuhiro Kobayashi
|
0-0: Ball 1-0: Called Strike 1-1: Swinging Strike 1-2: Ball 2-2: Foul Ball, location: 2F 2-2: Foul Ball, location: 2F 2-2: Fly out, F9 (Flyball, 89D, EV 100.0 MPH)
|
Batting: LHB Javier Cajina
|
0-0: Swinging Strike 0-1: Foul Ball, location: 2F 0-2: Strikes out swinging
|
Batting: RHB Carlton McDonald
|
0-0: Called Strike 0-1: Swinging Strike 0-2: Foul Ball, location: 2F 0-2: Foul Ball, location: 2F 0-2: Ball 1-2: Ball 2-2: Fly out, F8 (Flyball, 8LM, EV 88.8 MPH)
|
Top of the 8th over - 0 runs, 0 hits, 0 errors, 0 left on base; University of Michigan 5 - Wichita State University 1 |
BOTTOM OF THE 8TH |
Wichita State University Shockers batting - Pitching for University of Michigan Wolverines : RHP Johnny Lucero
|
Pitching: RHP Tony Ortiz
|
|
Batting: LHB Troy Davies
|
0-0: Reached on error, E3 (Groundball, 3, EV 85.6 MPH)
|
Pinch Hitting: RHB Jordan Carr
|
0-0: Called Strike 0-1: Foul Ball, location: 2F 0-2: Ball 1-2: Strikes out swinging
|
Batting: SHB Peter Faggard
|
0-0: Ball 1-0: Swinging Strike 1-1: Ball 2-1: Ball 3-1: Base on Balls Troy Davies to second
|
Batting: RHB Kyle Gill
|
0-0: Fly out, F7 (Flyball, 7D, EV 103.1 MPH) Runner from 2nd tags up, SAFE at 3rd, no throw by LF
|
Batting: RHB Rick McGrath
|
0-0: Ball 1-0: Ball 2-0: Called Strike 2-1: Ball 3-1: Base on Balls Peter Faggard to second
|
Batting: LHB Carlos Flores
|
0-0: Foul Ball, location: 2F 0-1: Ball 1-1: Ball 2-1: Swinging Strike 2-2: Ball 3-2: Foul Ball, location: 2F 3-2: Base on Balls Troy Davies scores Peter Faggard to third Rick McGrath to second
|
Pitching: LHP Omar Gutierrez
|
|
Batting: RHB Byron Whitehead
|
0-0: Called Strike 0-1: Called Strike 0-2: Foul Ball, location: 2F 0-2: Ball 1-2: Ball 2-2: Foul Ball, location: 2F 2-2: Ball 3-2: Foul Ball, location: 2F 3-2: Strikes out looking
|
Bottom of the 8th over - 1 run, 0 hits, 1 error, 3 left on base; University of Michigan 5 - Wichita State University 2 |
TOP OF THE 9TH |
University of Michigan Wolverines batting - Pitching for Wichita State University Shockers : LHP John Schroeder
|
Pitching: LHP Jacob Seymour
|
|
Now at 1B: Jordan Carr
|
|
Batting: SHB Raul Herrera
|
0-0: Ground out U3 (Groundball, 3, EV 81.2 MPH)
|
Batting: SHB Manuel Martinez
|
0-0: Called Strike 0-1: Foul Ball, location: 2F 0-2: Ball 1-2: Foul Ball, location: 2F 1-2: SINGLE (Flyball, 7S, EV 89.4 MPH)
|
Batting: RHB Rob Marti
|
0-0: Swinging Strike 0-1: Reached on error, E5 (Groundball, 56, EV 100.6 MPH) Manuel Martinez to second
|
Batting: LHB Carlos Guajardo
|
0-0: Foul Ball, location: 2F 0-1: Hit by Pitch Manuel Martinez to third Rob Marti to second
|
Batting: RHB Alex Nagera
|
0-0: Ball 1-0: SINGLE (Line Drive, 78M, EV 96.2 MPH) Manuel Martinez scores Rob Marti to third Carlos Guajardo to second
|
Batting: LHB Yoshihisa Kobayashi
|
0-0: Ball 1-0: Called Strike 1-1: Foul Ball, location: 2F 1-2: Ball 2-2: DOUBLE (Line Drive, 3D, EV 95.6 MPH) Rob Marti scores Carlos Guajardo scores Alex Nagera to third Runner from 3rd tries for Home, SAFE, throw by RF to home
|
Batting: RHB Mitsuhiro Kobayashi
|
0-0: Foul Ball, location: 2F 0-1: Fly out, F4 (Line Drive, 4, EV 60.6 MPH)
|
Batting: LHB Javier Cajina
|
0-0: Ball 1-0: Called Strike 1-1: Foul Ball, location: 2F 1-2: Foul Ball, location: 2F 1-2: SINGLE (Groundball, 13S, EV 68.1 MPH) (infield hit) Yoshihisa Kobayashi to third
|
Pitching: LHP Ernesto Ruiz
|
|
Batting: RHB Carlton McDonald
|
0-0: Called Strike 0-1: Ball 1-1: Swinging Strike 1-2: Ball 2-2: Strikes out swinging
|
Top of the 9th over - 4 runs, 4 hits, 1 error, 2 left on base; University of Michigan 9 - Wichita State University 2 |
BOTTOM OF THE 9TH |
Wichita State University Shockers batting - Pitching for University of Michigan Wolverines : LHP Omar Gutierrez
|
Batting: RHB Marvin Coffey
|
0-0: Ball 1-0: Ball 2-0: Ball 3-0: Base on Balls
|
Batting: RHB Alex Zeledon
|
0-0: Swinging Strike 0-1: Called Strike 0-2: Ball 1-2: Ball 2-2: Strikes out swinging
|
Batting: LHB Troy Davies
|
0-0: Ball 1-0: Ball 2-0: Called Strike 2-1: Ball 3-1: Foul Ball, location: 2F 3-2: Foul Ball, location: 2F 3-2: Strikes out looking
|
Batting: RHB Jordan Carr
|
0-0: Foul Ball, location: 2F 0-1: Ball 1-1: SINGLE (Groundball, 34, EV 107.5 MPH) Marvin Coffey to second
|
Batting: SHB Peter Faggard
|
0-0: Ball 1-0: Foul Ball, location: 2F 1-1: Foul Ball, location: 2F 1-2: Foul Ball, location: 2F 1-2: Strikes out looking
|
Bottom of the 9th over - 0 runs, 1 hit, 0 errors, 2 left on base; University of Michigan 9 - Wichita State University 2 |
|